 Dungeon Crawl Stone Soup version 0.25.0-46-gbd7b0854d2 (webtiles) character file.

Game seed: 15502135448021346230

368 Ethylacetat the Poker (level 6, -12/57 HPs)
             Began as a Naga Gladiator on July 13, 2020.
             Mangled by an ogre
             ... wielding a +0 giant club
              (21 damage)
             ... on level 4 of the Dungeon.
             The game lasted 00:09:38 (4567 turns).

Ethylacetat the Poker (Naga Gladiator)              Turns: 4567, Time: 00:09:38

Health: -12/57     AC:  4    Str: 18    XL:     6   Next: 69%
Magic:  6/6        EV: 10    Int:  8    God:
Gold:   271        SH:  0    Dex: 13    Spells: 5/5 levels left

rFire    . . .     SeeInvis +   s - +1 dagger (venom)
rCold    . . .     Gourm    .   (no shield)
rNeg     . . .     Faith    +   b - +0 leather armour
rPois    +         Spirit   .   c - +0 helmet
rElec    .         Reflect  .   (no cloak)
rCorr    .         Harm     .   (no gloves)
MR       .....                  (no barding)
Stlth    ..........             g - amulet of faith
HPRegen  0.19/turn              n - ring of attention (curse)
MPRegen  0.10/turn              (no ring)

@: very slow
A: large, see invisible, deformed body, poison resistance, slowness 2, slow
metabolism 1, spit poison 1, AC +2
a: Spit Poison


You were on level 4 of the Dungeon.
You were not hungry.

You visited 1 branch of the dungeon, and saw 4 of its levels.

You collected 271 gold pieces.

Inventory:

Hand Weapons
 a - a +0 trident
 s - a +1 dagger of venom (weapon)
Missiles
 d - 3 throwing nets (quivered)
Armour
 b - a +0 leather armour (worn)
 c - a +0 helmet (worn)
Jewellery
 g - an amulet of faith (around neck)
 n - a cursed ring of attention (left hand)
Wands
 u - a wand of paralysis (5)
 w - a wand of acid (6)
 y - a wand of enslavement (11)
Scrolls
 i - 4 scrolls of amnesia {unknown}
 o - 4 scrolls of identify {unknown}
 q - 2 scrolls of immolation {unknown}
 x - a scroll of remove curse {unknown}
Potions
 e - 2 potions of mutation {unknown}
 h - a potion of might {unknown}
 j - 2 potions of brilliance {unknown}
 k - a potion of degeneration {unknown}
 l - 2 potions of flight {unknown}
 m - a potion of invisibility {unknown}
 p - a potion of heal wounds {unknown}
 r - a potion of magic {unknown}
 t - 2 potions of lignification {unknown}
 v - 2 potions of cancellation {unknown}
Comestibles
 f - 9 rations


   Skills:
 + Level 4.1 Fighting
 * Level 6.2 Polearms
 - Level 1.7 Throwing
 - Level 2.4 Dodging


You had 5 spell levels left.
You didn't know any spells.
Your spell library was empty.

Dungeon Overview and Level Annotations

Branches:
Dungeon (4/15)
 Temple: D:4-7

Altars:


Innate Abilities, Weirdness & Mutations

You cannot wear boots.
Your serpentine skin is tough. (AC +2)
You have supernaturally acute eyesight. (SInv)
Armour fits poorly on your strangely shaped body.
Your system is resistant to poisons. (rPois)
You cover ground very slowly.
You have a slow metabolism.
You can spit poison.


Message History

You barely miss the ogre.
The ogre is moderately wounded.
The ogre hits you with a +0 giant club!!
Press: ? - help, Shift-Dir - straight line, f - ogre
Aim: an ogre, wielding a +0 giant club (moderately wounded, extremely poisoned)
The splash of poison hits the ogre.
The ogre is moderately wounded.
You feel slightly more hungry. The ogre misses you.
You barely miss the ogre.
The ogre is heavily wounded.
You hit the ogre.
The ogre is severely wounded.
The ogre hits you with a +0 giant club!!
* * * LOW HITPOINT WARNING * * *
You have got your breath back.
The ogre barely misses you.
You hit the ogre.
The ogre looks as sick as possible!
The ogre is almost dead.
The ogre hits you with a +0 giant club!!
You die...

#^.#....'#...#'....#.#.#
#..######.....######.#.#
#....................#.#
#..###...........###.#.#
#.##....#....##.#....
#..##.......##..#..[.
#.Z.'.......'...#....
#.h##O......##..#.... #.
#@...#....##.#.... #
#..##+##..#..#.... #.##
##.#)##..##
#.#######.####..##
................##
##.#.......#......
...##.##.#.##.## ##
#.##.#.##...
#.........##


You could see an ogre (extremely poisoned).

Vanquished Creatures
  An ogre (D:4)
  An orc wizard (D:4)
  3 worker ants
  3 gnolls (D:2)
  5 adders
  An ooze (D:1)
  3 worms (D:2)
  5 dart slugs
  A leopard gecko (D:1)
  8 orcs
  A ball python (D:2)
  15 bats
  4 giant cockroaches
  5 hobgoblins
  3 jackals (D:1)
  11 kobolds
  2 quokkas
  5 frilled lizards
  10 goblins
  5 rats
92 creatures vanquished.

Notes
Turn   | Place    | Note
-------+----------+-------------------------------------------
     0 | D:1      | Ethylacetat the Naga Gladiator began the quest for the Orb.
     0 | D:1      | Reached XP level 1. HP: 19/19 MP: 1/1
   149 | D:1      | Reached XP level 2. HP: 22/26 MP: 2/2
   473 | D:1      | Reached XP level 3. HP: 11/33 MP: 3/3
   975 | D:1      | Reached skill level 4 in Polearms
  1346 | D:2      | Reached XP level 4. HP: 11/40 MP: 4/4
  2164 | D:2      | Reached XP level 5. HP: 49/49 MP: 5/5
  2373 | D:3      | Reached skill level 5 in Polearms
  2998 | D:3      | You fall into a shaft and drop 1 floor!
  4020 | D:4      | Reached XP level 6. HP: 53/57 MP: 6/6
  4055 | D:4      | Reached skill level 6 in Polearms
  4567 | D:4      | Mangled by an ogre

Illustrated notes

Levels and vault maps discovered:
D:1:      giann_horns, layout_basic, chequers_hall_statues_wall_a
D:2:      layout_basic, first_ration
D:3:      layout_basic
D:4:      layout_loops_cross, minmay_pentangle

Skill      XL: |  1  2  3  4  5  6 |
---------------+-------------------+-----
Polearms       | 4 5 6 |  6.2
Fighting       | 3 4 |  4.1
Throwing       | |  1.7
Dodging        | |  2.4

Action                   |  1- 3 |  4- 6 || total
-------------------------+-------+-------++-------
Melee: Trident           |    97 |   106 ||   203
       Dagger            |       |    90 ||    90
 Abil: Spit Poison       |     6 |    14 ||    20
 Stab: Sleeping          |     2 |     1 ||     3
  Eat: Chunk             |     1 |     9 ||    10
Armor: Leather armour    |    41 |    65 ||   106
Dodge: Dodged            |    51 |    91 ||   142
